 Dungeon Crawl Stone Soup version 0.30-a0-394-g3e4acdb0ae (webtiles) character file.

Game seed: 8854101649544469961

11 NinjaNoafa the Ducker (level 2, 0/23 HPs)
             Began as a Merfolk Gladiator on Dec 6, 2022.
             Slain by a quokka (4 damage)
             ... on level 1 of the Dungeon.
             The game lasted 00:00:52 (353 turns).

NinjaNoafa the Ducker (Merfolk Gladiator)            Turns: 353, Time: 00:00:52

Health: 0/23       AC:  5    Str: 14    XL:     2   Next: 29%
Magic:  2/2        EV: 13    Int:  7    God:
Gold:   6          SH:  0    Dex: 15    Spells: 1/1 levels left

rFire   . . .      SeeInvis .    a - +0 rapier
rCold   . . .      Faith    .    (no shield)
rNeg    . . .      Spirit   .    b - +0 leather armour
rPois   .          Reflect  .    c - +0 helmet
rElec   .          Harm     .    (no cloak)
rCorr   .          Rampage  .    (no gloves)
Will    .....                    g - +0 pair of boots
Stlth   +.........               (no amulet)
HPRegen 0.23/turn                (no ring)
MPRegen 0.08/turn                (no ring)

@: no status effects
A: (nimble swimmer 2), mertail
a: no special abilities


You were on level 1 of the Dungeon.
You visited 1 branch of the dungeon, and saw 1 of its levels.

You collected 6 gold pieces.

Inventory:

Hand Weapons
 a - a +0 rapier (weapon)
Missiles
 d - 3 throwing nets (quivered)
 e - a javelin
 i - 5 poisoned darts
 j - 6 stones
Armour
 b - a +0 leather armour (worn)
 c - a +0 helmet (worn)
 g - a +0 pair of boots (worn)
Scrolls
 f - a scroll of fear {unknown}
 h - a scroll of silence {unknown}


   Skills:
 + Level 2.5 Fighting
 + Level 3.9 Short Blades
 - Level 2.0 Throwing
 + Level 4.3 Dodging


You had one spell level left.
You didn't know any spells.
Your spell library was empty.

Dungeon Overview and Level Annotations

Branches:
Dungeon (1/15)

Altars:


Innate Abilities, Weirdness & Mutations

((You are very nimble when in or above water. (Stealth+, EV+, Speed+++)))
Your lower body shifts to a powerful aquatic tail in water.


Message History

You kill the hobgoblin!
Things that are here:
a hobgoblin corpse; a rat corpse The ball python hisses angrily.
Things that are here:
a +0 dagger; a stone A ball python is nearby!
A ball python is nearby!
A ball python is nearby!
You hit the ball python.
You kill the ball python!
Found a dagger and 7 gold pieces.
j - 6 stones (gained 1)
You see here a +0 dagger.
A quokka comes into view.
You see here 7 gold pieces.
A quokka is nearby!
A quokka is nearby!
A quokka is nearby!
A kobold comes into view.
It is wielding a +2 short sword of electrocution.
Found 13 gold pieces.
Found a scroll labelled CIONIA BA ZOL.
A kobold comes into view. It is wielding a +0 club.
The kobold shouts!
The quokka bites you but does no damage.
The quokka bites you but does no damage.
You hit the quokka but do no damage. The quokka bites you.
The kobold hits you with a +2 short sword of electrocution.
You are electrocuted!
* * * LOW HITPOINT WARNING * * *
You hit the quokka.
The quokka is moderately wounded.
The quokka closely misses you.
The kobold hits you with a +2 short sword of electrocution.
* * * LOW HITPOINT WARNING * * *
The quokka barely misses you. The quokka barely misses you.
The quokka bites you but does no damage.
The quokka attacks as you move away! The quokka bites you.
You die...

## .. . . .# .. ##.#...
# ##......
###.#####K..# .#
..?..$.@K..# ..#
#.......r..#....
#.........$..# ....#
#.######..##.# #.#..
.........#...#. #.#.#
##.###.$#..?...
##.#.#####.#.......##.#
..#
........##.#...##.#...#
..#
#.....#.....#...#....
#.#


You could see a quokka and 2 kobolds.

Vanquished Creatures
  A giant cockroach (D:1)
  A hobgoblin (D:1)
  3 kobolds (D:1)
  3 ball pythons (D:1)
  3 bats (D:1)
  2 rats (D:1)
13 creatures vanquished.

Notes
Turn   | Place    | Note
-------+----------+-------------------------------------------
     0 | D:1      | NinjaNoafa the Merfolk Gladiator began the quest for the
                  | Orb.
     0 | D:1      | Reached XP level 1. HP: 16/16 MP: 1/1
   255 | D:1      | Reached XP level 2. HP: 15/23 MP: 2/2
   353 | D:1      | Slain by a quokka

Illustrated notes

Levels and vault maps discovered:
D:1:      amcnicky_arrival_double_pillar, layout_loops_ring,
          hangedman_decor_points, minmay_stone_trees_large,
          chequers_serial_rivers_marsh

Action                   || total
-------------------------++-------
Melee: Rapier            ||    36
 Stab: Sleeping          ||     1
Armor: Leather armour    ||    20
Dodge: Dodged            ||    38

Table legend: (Time is in decaauts)
 A = Elapsed time spent in this place.
 B = Non-inter-level travel time spent in this place.
 C = Inter-level travel time spent in this place.
 D = Time resting spent in this place.
 E = Time spent auto-exploring this place.
 F = Levels seen in this place.
 G = Mean time per level.
                   A        B        C        D        E       F      G
               +--------+--------+--------+--------+--------+-----+--------+
         Total |    350 |    350 |      0 |      0 |    223 |   1 |  350.0 |
       Dungeon |    350 |    350 |      0 |      0 |    223 |   1 |  350.0 |
               +--------+--------+--------+--------+--------+-----+--------+

Top non-repeatable levels by time:
     D:1: 350 daAuts
